 Dungeon Crawl Stone Soup version 0.23-a0-714-g00c90a0c22 (webtiles) character file.

2193 Morbidden the Reanimator (level 9, -11/59 HPs)
             Began as a Mummy Necromancer on Jan 16, 2019.
             Was a Follower of Yredelemnul.
             Mangled by a hog (13 damage)
             ... on level 8 of the Dungeon.
             The game lasted 00:20:04 (7537 turns).

Morbidden the Reanimator (Mummy Necromancer)        Turns: 7537, Time: 00:20:05

Health: -11/59     AC:  4    Str: 12    XL:     9   Next: 12%
Magic:  0/20       EV: 12    Int: 17    God:    Yredelemnul [*.....]
Gold:   422        SH:  0    Dex: 12    Spells: 19/23 levels left

rFire    x . .     SeeInvis .   g - +2 dagger (drain)
rCold    + . .     Gourm    .   (no shield)
rNeg     + + +     Faith    .   a - +0 robe
rPois    ∞         Spirit   +   r - +0 helmet
rElec    .         Reflect  .   (no cloak)
rCorr    .         Harm     .   k - +0 pair of gloves
MR       +....                  (no boots)
Stlth    ++........             s - amulet of guardian spirit
HPRegen  0.19/turn              (no ring)
MPRegen  0.17/turn              (no ring)

@: injury mirror
A: no food or potions, fire vulnerability, cold resistance 1, negative energy
resistance 3, torment resistance, unbreathing
a: Animate Remains, Renounce Religion


You were on level 8 of the Dungeon.
You worshipped Yredelemnul.
Yredelemnul was aware of your devotion.
You were not hungry.

You visited 2 branches of the dungeon, and saw 9 of its levels.

You collected 422 gold pieces.

Inventory:

Hand Weapons
 g - a +2 dagger of draining (weapon)
Armour
 a - a +0 robe (worn)
 k - a +0 pair of gloves (worn)
 r - a +0 helmet (worn)
Jewellery
 m - an uncursed ring of ice
 s - an amulet of guardian spirit (around neck)
 y - an uncursed ring of ice
Wands
 i - a wand of random effects (12)
 p - a wand of digging (6)
 w - a wand of paralysis (5)
Scrolls
 b - 2 scrolls of enchant armour {unknown}
 c - 2 scrolls of random uselessness {unknown}
 d - 2 scrolls of immolation {unknown}
 e - 3 scrolls of remove curse {unknown}
 f - 6 scrolls of identify {unknown}
 h - 4 scrolls of teleportation {unknown}
 j - 3 scrolls of blinking {unknown}
 l - 3 scrolls of fog {unknown}
 n - 2 scrolls of magic mapping {unknown}
 q - 2 scrolls of fear {unknown}
 u - 2 scrolls of amnesia {unknown}
 x - a scroll of brand weapon {unknown}


   Skills:
 + Level 1.3 Fighting
 + Level 1.5 Short Blades
 + Level 2.3 Dodging
 + Level 3.1 Stealth
 + Level 7.9 Spellcasting
 * Level 9.5 Necromancy
 * Level 2.5 Invocations
 + Level 0.7 Evocations


You had 19 spell levels left.
You knew the following spells:

 Your Spells              Type           Power        Failure   Level  Hunger
a - Pain                  Necr           ####         1%          1    N/A
b - Vampiric Draining     Necr           #####.....   1%          3    N/A

Your spell library contained the following spells:

 Spells                   Type           Power        Failure   Level  Hunger
 Animate Skeleton         Necr           N/A          1%          1    N/A
 Animate Dead             Necr           N/A          1%          4    N/A
 Regeneration             Chrm/Necr      Unusable     N/A         3    N/A

Dungeon Overview and Level Annotations

Branches:
Dungeon (8/15)             Temple (1/1) D:4            Lair (0/6) D:8

Altars:
Ashenzari
Cheibriados
Dithmenos
Fedhas
Gozag
Hepliaklqana
Kikubaaqudgha
Makhleb
Nemelex Xobeh
Okawaru
Qazlal
Ru
Sif Muna
Trog
Uskayaw
Vehumet
Wu Jian
Xom
Yredelemnul
Zin
The Shining One
Beogh

Shops:
D:4 !

Annotations:
D:7 3 runed doors, hemabe's ghost, novice HuAr


Innate Abilities, Weirdness & Mutations

You do not eat or drink.
Your flesh is vulnerable to fire.
You are immune to poison.
Your flesh is cold resistant. (rC+)
You are immune to negative energy. (rN+++)
You are immune to unholy pain and torment.
You can survive without breathing.


Message History

You closely miss the yak.
The yak is heavily wounded.
Unknown command.
You see here 18 sling bullets.
You hit the yak.
The yak is heavily wounded.
The yak barely misses you.
Unknown command.
You hit the yak but do no damage. You drain the yak!
The yak is heavily wounded.
The yak gores you. The human hits you with a +0 hand axe!
* * * LOW HITPOINT WARNING * * *
Unknown command.
You barely miss the hog. The yak gores you!
* * * LOW HITPOINT WARNING * * *
The human misses you. The hog closely misses you.
Unknown command.
The hog bites you!
You die...
Yredelemnul claims you as an undead slave.

#####..###...........
######.....>...#.......
##.....##..............
.......#...............
...............)......
.......#........)....
......##..........#
......#######.ph..##
......#%%...Y.(Y@..#
......#%....#..h........
......###'####..........
......#..[.. #....##..#.
......#..... #....# ##
......###### ##....#
........## ....##
.........## ....#
#.......!.##


You could see 2 yaks, 2 hogs and a human.

Vanquished Creatures
  Prince Ribbit (D:6)
  An ice beast (D:6)
  A phantom (D:4)
  3 ogres
  A bullfrog (D:7)
  A wyvern zombie (D:6)
  3 scorpions
  A killer bee (D:8)
  A crimson imp (D:7)
  2 hounds
  A bullfrog skeleton (D:5)
  A centaur skeleton (D:4)
  3 jellies
  2 orc wizards (D:5)
  3 iguanas
  Ijyb (D:3)
  Natasha (thrice) (D:3)
  3 worker ants
  A hound zombie (D:7)
  3 gnolls (D:7)
  9 adders
  2 oozes (D:5)
  2 adder skeletons
  A worm (D:6)
  A dart slug (D:2)
  5 leopard geckos
  8 orcs
  5 giant cockroaches
  10 goblins
  3 hobgoblins (D:1)
  9 jackals
  3 kobolds (D:1)
  A quokka (D:3)
  A ball python skeleton (D:4)
  2 bats (D:1)
  2 frilled lizards (D:2)
  5 rats
105 creatures vanquished.

Vanquished Creatures (collateral kills)
  Joseph (D:8)
  A hippogriff (D:8)
  2 killer bees (D:8)
  A wight (D:8)
  A gnoll (D:7)
  2 adder zombies
  A leopard gecko (D:8)
  A jackal (D:6)
  A jackal zombie (D:7)
11 creatures vanquished.

Vanquished Creatures (others)
  A hippogriff zombie (D:8)
  A human zombie (D:8)
  2 killer bee zombies (D:8)
  An ogre zombie (D:8)
  An iguana zombie (D:7)
  A gnoll zombie (D:7)
  An orc zombie (D:8)
8 creatures vanquished.

Grand Total: 124 creatures vanquished

Notes
Turn   | Place    | Note
-------+----------+-------------------------------------------
     0 | D:1      | Morbidden the Mummy Necromancer began the quest for the
                  | Orb.
     0 | D:1      | Reached XP level 1. HP: 13/13 MP: 4/4
   477 | D:1      | Reached XP level 2. HP: 19/19 MP: 3/5
  1080 | D:2      | Reached XP level 3. HP: 24/24 MP: 2/7
  1145 | D:2      | Found an iron altar of Okawaru.
  1170 | D:2      | Reached skill level 5 in Necromancy
  1351 | D:2      | Reached XP level 4. HP: 25/30 MP: 2/9
  1366 | D:2      | Found a sparkling altar of Nemelex Xobeh.
  1388 | D:2      | Found a snail-covered altar of Cheibriados.
  1678 | D:3      | Noticed Ijyb
  1688 | D:3      | Killed Ijyb
  1823 | D:3      | Found a radiant altar of Vehumet.
  1854 | D:3      | Found a faded altar of an unknown god.
  1904 | D:3      | Noticed Natasha
  1914 | D:3      | Killed Natasha
  1914 | D:3      | Reached XP level 5. HP: 27/35 MP: 6/11
  2075 | D:3      | Noticed Natasha
  2079 | D:3      | Killed Natasha
  2239 | D:3      | Noticed Natasha
  2247 | D:3      | Killed Natasha
  2247 | D:3      | Reached skill level 6 in Necromancy
  2317 | D:3      | Found a faded altar of an unknown god.
  2363 | D:3      | Found a radiant altar of Vehumet.
  2645 | D:4      | Found an ancient bone altar of Kikubaaqudgha.
  2748 | D:4      | Found a staircase to the Ecumenical Temple.
  2833 | Temple   | Entered the Ecumenical Temple
  3072 | Temple   | Became a worshipper of Yredelemnul the Dark
  3135 | D:4      | Found Otilio's Distillery.
  3260 | D:4      | Found a shadowy altar of Dithmenos.
  3269 | D:4      | Found a burning altar of Makhleb.
  3275 | D:4      | Found a glowing silver altar of Zin.
  3275 | D:4      | Found a blossoming altar of Fedhas.
  3277 | D:4      | Found a stormy altar of Qazlal.
  3278 | D:4      | Found a shimmering altar of Xom.
  3299 | D:4      | Reached XP level 6. HP: 22/41 MP: 11/13
  3386 | D:4      | Reached skill level 5 in Spellcasting
  3610 | D:4      | Found a glowing golden altar of the Shining One.
  3910 | D:5      | Entered Level 5 of the Dungeon
  4207 | D:5      | Reached XP level 7. HP: 47/47 MP: 8/15
  4233 | D:5      | Learned a level 3 spell: Vampiric Draining
  4314 | D:5      | Reached skill level 7 in Necromancy
  4520 | D:5      | Reached skill level 1 in Short Blades
  5378 | D:6      | Noticed Prince Ribbit
  5394 | D:6      | Reached * piety under Yredelemnul
  5397 | D:6      | Killed Prince Ribbit
  5397 | D:6      | Reached XP level 8. HP: 16/53 MP: 16/18
  5705 | D:6      | Reached skill level 8 in Necromancy
  5983 | D:6      | Found a shattered altar of Ashenzari.
  6129 | D:6      | Reached skill level 1 in Fighting
  6170 | D:7      | Reached skill level 1 in Invocations
  6196 | D:7      | Found a deep blue altar of Sif Muna.
  6302 | D:7      | Identified the +9 plate armour "Iwadeoh" {rCorr Dex-4 SInv
                  | Stlth-}
  6303 | D:7      | Found a runed gate.
  6304 | D:7      | Found a runed gate.
  6305 | D:7      | Found a runed gate.
  6306 | D:7      | Noticed hemabe's ghost (novice HuAr)
  6662 | D:7      | Found a roughly hewn altar of Beogh.
  6748 | D:8      | Noticed a hippogriff
  6760 | D:8      | Killed a hippogriff
  6760 | D:8      | Reached skill level 9 in Necromancy
  6819 | D:8      | Found a staircase to the Lair.
  7141 | D:8      | Noticed Joseph
  7156 | D:8      | Killed Joseph
  7156 | D:8      | Reached XP level 9. HP: 40/59 MP: 10/20
  7346 | D:8      | Your ally Joseph died
  7359 | D:8      | Reached ** piety under Yredelemnul
  7536 | D:8      | HP: 1/59 [yak (12)]
  7537 | D:8      | Mangled by a hog

Vault maps used:
D:1:      dpeg_arrival_shrine
D:2:      kennysheep_slug_shrine, lemuel_coloured_pillars_altar,
          kennysheep_okawaru_gauntlet
D:3:      vehumet_crystals, chequers_ecumenical_altar_simple, uniq_natasha,
          uniq_ijyb
D:4:      lemuel_crystal_altar, nicolae_overflow_hidden_temple,
          grunt_temple_overflow_open, temple_pool_b, serial_shops, shop
D:5:      first_ration
D:6:      basic_altar, uniq_prince_ribbit1
D:7:      lemuel_crystal_altar, biasface_ghost_orc_armoury
D:8:      lair_entry_dummy, nicolae_benzene_ring, grunt_livestock,
          minmay_misc_feat_room, uniq_joseph
Temple:   jpeg_temple_island

Skill      XL: |  1  2  3  4  5  6  7  8 |
---------------+-------------------------+-----
Necromancy     | 5 6 7 9 |  9.5
Spellcasting   | 3 4 5 6 7 |  7.9
Stealth        | 2 3 |  3.1
Short Blades   | 1 |  1.5
Fighting       | 1 |  1.3
Invocations    | 2 |  2.5
Dodging        | 2 |  2.3
Evocations     | |  0.7

Action                   |  1- 3 |  4- 6 |  7- 9 || total
-------------------------+-------+-------+-------++-------
Melee: Unarmed           |     6 |       |       ||     6
       Dagger            |    12 |    69 |   108 ||   189
 Cast: Pain              |    52 |    80 |   129 ||   261
       Vampiric Draining |       |       |     1 ||     1
Invok: Animate Remains   |       |       |    13 ||    13
       Injury Mirror     |       |       |     1 ||     1
       Recall Undead Sla |       |       |     1 ||     1
Evoke: Wand              |       |     4 |    12 ||    16
 Stab: Sleeping          |       |     2 |       ||     2
       Paralysed         |       |     6 |       ||     6
       Distracted        |       |       |     1 ||     1
Armor: Robe              |     4 |    21 |    27 ||    52
Dodge: Dodged            |    14 |    32 |   114 ||   160

Table legend:
 A = Non-vault XP
 B = Vault XP
 C = Vault XP percentage of total XP
 D = Non-vault monster count
 E = Vault monster count
 F = Vault count percentage of total count
                 A         B        C        D         E       F
            +---------+---------+-------+---------+---------+-------
      Total |    2436 |     698 |  22.3 |     109 |       7 |   6.0
            +---------+---------+-------+---------+---------+-------
        D:1 |      20 |       0 |   0.0 |      13 |       0 |   0.0
        D:2 |      87 |       7 |   7.4 |      22 |       3 |  12.0
        D:3 |     106 |      72 |  40.4 |      10 |       2 |  16.7
        D:4 |     285 |       0 |   0.0 |      11 |       0 |   0.0
        D:5 |     577 |       0 |   0.0 |      17 |       0 |   0.0
        D:6 |     417 |     251 |  37.6 |      11 |       1 |   8.3
        D:7 |     298 |       0 |   0.0 |      11 |       0 |   0.0
        D:8 |     646 |     368 |  36.3 |      14 |       1 |   6.7
            +---------+---------+-------+---------+---------+-------
